 Dungeon Crawl Stone Soup version 0.25.1-2-g60ff931df9 (webtiles) character file.

Game seed: 9714157427497846047

1011 soggyman666 the Chopper (level 8, 69/69 HPs)
             Began as a Minotaur Fighter on Nov 6, 2020.
             Was an Initiate of Trog.
             Quit the game on level 5 of the Dungeon.
             The game lasted 00:10:25 (3379 turns).

soggyman666 the Chopper (Minotaur Fighter)          Turns: 3379, Time: 00:10:26

Health: 69/69      AC: 16    Str: 22    XL:     8   Next: 1%
Magic:  7/7        EV:  5    Int:  5    God:    Trog [......]
Gold:   141        SH: 10    Dex: 11    Spells: 7/7 levels left

rFire    + . .     SeeInvis .   a - +0 war axe
rCold    x . .     Gourm    .   c - +0 kite shield
rNeg     . . .     Faith    .   j - +0 plate armour
rPois    .         Spirit   .   (helmet restricted)
rElec    .         Reflect  .   (no cloak)
rCorr    .         Harm     .   b - +0 pair of gloves
MR       .....                  q - +1 pair of boots
Stlth    ..........             (no amulet)
HPRegen  0.21/turn              r - ring of fire
MPRegen  0.10/turn              (no ring)

@: no status effects
A: retaliatory headbutt, hooves 1, horns 2, evolution 1, MP-powered wands
a: Renounce Religion


You were on level 5 of the Dungeon.
You worshipped Trog.
Trog was noncommittal.
You were not hungry.

You visited 1 branch of the dungeon, and saw 5 of its levels.

You collected 141 gold pieces.

Inventory:

Hand Weapons
 a - a +0 war axe (weapon)
Armour
 b - a +0 pair of gloves (worn)
 c - a +0 kite shield (worn)
 j - a +0 plate armour (worn)
 q - a +1 pair of boots (worn)
Jewellery
 r - a ring of fire (left hand)
Wands
 d - a wand of random effects (9)
Scrolls
 g - a scroll of random uselessness {unknown}
 h - a scroll of amnesia {unknown}
 i - 3 scrolls of teleportation
 k - 2 scrolls of remove curse
 o - a scroll of enchant armour
Potions
 e - a potion of resistance {unknown}
 l - a potion of ambrosia {unknown}
 m - a potion of haste
 t - a potion of magic {unknown}
Comestibles
 f - 7 rations
 p - 2 chunks of flesh


   Skills:
 + Level 5.4 Fighting
 + Level 7.6 Axes
 + Level 6.0 Armour
 + Level 0.9 Dodging
 - Level 0.3 Stealth
 + Level 6.4 Shields


You had 7 spell levels left.
You didn't know any spells.
Your spell library was empty.

Dungeon Overview and Level Annotations

Branches:
Dungeon (5/15)
 Temple: D:4-7

Altars:
Elyvilon
Kikubaaqudgha
Okawaru
Ru
Trog
Zin
The Shining One


Innate Abilities, Weirdness & Mutations

You reflexively headbutt those who attack you in melee.
You have a pair of horns on your head.
You have large cloven feet.
You evolve.
You expend magic power (3 MP) to strengthen your wands.


Message History

Things that are here:
a +0 leather armour; a +0 hand axe; a +0 leather armour No target in view!
Some of the chunks of flesh in your inventory have rotted away.
d - a wand of random effects (9)
Okay, then.
Okay, then.
Okay, then.
Unknown command.
Unknown command.
Unknown command.
Unknown command.
Unknown command.
Unknown command.
Unknown command.
Unknown command.
Unknown command.
Unknown command.
Unknown command.
Are you sure you want to abandon this character and quit the game? (Confirm with "yes".)

........................
.#............#.######
####.#.[#.....<...#.#
.......)..........#.#
####.##)#.####....#.# #
#.#.# #....#.# #.#.#
#....### #...# #....#
##.@# #....# #..# #....#
#..# #..# #..# .... #..#
#..#


There were no monsters in sight!

Vanquished Creatures
  Sigmund (D:3)
  Menkaure (D:4)
  A water moccasin (D:5)
  2 ogres (D:5)
  A howler monkey (D:4)
  A hound (D:4)
  2 orc wizards (D:4)
  A bullfrog skeleton (D:4)
  3 worker ants
  10 gnolls
  3 adders (D:4)
  2 oozes
  2 worms
  4 dart slugs
  2 leopard geckos (D:3)
  8 orcs
  7 giant cockroaches
  10 goblins
  7 hobgoblins
  9 jackals
  8 kobolds
  2 quokkas (D:4)
  2 ball pythons
  9 bats
  6 frilled lizards
  A quokka skeleton (D:2)
  4 rats
109 creatures vanquished.

Notes
Turn   | Place    | Note
-------+----------+-------------------------------------------
     0 | D:1      | soggyman666 the Minotaur Fighter began the quest for the
                  | Orb.
     0 | D:1      | Reached XP level 1. HP: 19/19 MP: 0/0
   220 | D:1      | Reached XP level 2. HP: 24/27 MP: 1/1
   397 | D:1      | Reached XP level 3. HP: 27/33 MP: 2/2
   523 | D:1      | Reached skill level 3 in Axes
   977 | D:2      | Found a glowing golden altar of the Shining One.
   977 | D:2      | Found a white marble altar of Elyvilon.
   977 | D:2      | Found a glowing silver altar of Zin.
  1052 | D:2      | Reached XP level 4. HP: 39/40 MP: 3/3
  1110 | D:2      | Found a sacrificial altar of Ru.
  1364 | D:3      | Noticed Sigmund
  1384 | D:3      | Killed Sigmund
  1384 | D:3      | Reached skill level 5 in Axes
  1384 | D:3      | Reached skill level 5 in Shields
  1384 | D:3      | Reached XP level 5. HP: 19/46 MP: 4/4
  1825 | D:4      | Noticed Menkaure
  1833 | D:4      | Reached XP level 6. HP: 16/52 MP: 5/5
  1838 | D:4      | Killed Menkaure
  1838 | D:4      | Reached skill level 5 in Armour
  2207 | D:4      | Reached skill level 6 in Axes
  2369 | D:4      | Reached XP level 7. HP: 60/60 MP: 6/6
  2484 | D:4      | Reached skill level 5 in Fighting
  2535 | D:4      | Found a bloodstained altar of Trog.
  2535 | D:4      | Found an iron altar of Okawaru.
  2540 | D:4      | Found a faded altar of an unknown god.
  2546 | D:4      | Found an ancient bone altar of Kikubaaqudgha.
  2547 | D:4      | Found a faded altar of an unknown god.
  2851 | D:4      | Became a worshipper of Trog the Wrathful
  2939 | D:5      | Entered Level 5 of the Dungeon
  2947 | D:5      | Reached skill level 7 in Axes
  3149 | D:5      | Reached XP level 8. HP: 51/69 MP: 7/7
  3163 | D:5      | Gained mutation: You have large cloven feet. [potion of
                  | mutation]
  3163 | D:5      | Gained mutation: You evolve. [potion of mutation]
  3163 | D:5      | Gained mutation: You expend magic power (3 MP) to
                  | strengthen your wands. [potion of mutation]
  3379 | D:5      | Quit the game

Illustrated notes

Levels and vault maps discovered:
D:1:      saegor_arrival_simple_b, layout_basic
D:2:      layout_rooms, good_gods_mini_temple, nicolae_ru_path_of_blood
D:3:      layout_rooms, minmay_misc_feat_hallway, uniq_sigmund
D:4:      minmay_inner_zag, layout_rooms, chequers_temple_overflow_minitemple,
          uniq_menkaure
D:5:      layout_basic, first_ration

Skill      XL: |  1  2  3  4  5  6  7 |
---------------+----------------------+-----
Shields        | 4 5 6 |  6.4
Armour         | 4 5 6 |  6.0
Axes           | 3 5 6 7 |  7.6
Fighting       | 4 5 |  5.4
Dodging        | |  0.9
Stealth        | |  0.3

Action                   |  1- 3 |  4- 6 |  7- 9 || total
-------------------------+-------+-------+-------++-------
Melee: War axe           |   113 |    86 |    73 ||   272
       Headbutt          |    13 |    11 |    15 ||    39
  Use: Potion            |       |     2 |     2 ||     4
       Scroll            |       |     6 |     1 ||     7
  Eat: Chunk             |     1 |     4 |     3 ||     8
Armor: Scale mail        |    29 |       |       ||    29
       Plate armour      |    53 |    46 |    37 ||   136
Dodge: Dodged            |    31 |    22 |    17 ||    70
Block: Kite shield       |    57 |    46 |    30 ||   133
